Map: Acropolis LE

Players

goblin

  • Race: Protoss Protoss
  • Spawn Location: 5:00

ShoWTimE - Winner!

  • Race: Protoss Protoss
  • Spawn Location: 11:00

Event: 2019 WCS Summer

VOD

Have the link to the VOD?

Description

Time

  • Played on: July 12, 2019, 10:01 a.m.
  • Length: 4:09

All games in this series

Show
View Real Time Build Order
Export as new Build Order

goblin Protoss 

Build Orders: Oracle Opening 

Get SALT Encoding   

  12  0:00  Probe  
  13  0:13  Probe  
  14  0:17  Pylon  
  14  0:24  Probe  
  15  0:32  Probe  
  15  0:36  Gateway  
  15  0:40  Probe  
  16  0:46  Assimilator  
  17  0:51  Probe  
  17  0:55  Assimilator  
  18  0:59  Probe  
  19  1:09  Gateway  
  19  1:12  Probe  
  20  1:23  Probe  
  20  1:25  Cybernetics Core  
  21  1:36  Probe  
  21  1:38  Pylon  
  22  1:48  Probe  
  23  2:02  Stargate  
  23  2:08  Stalker x2  
  23  2:14  Warp Gate  
  27  2:19  Pylon  
  28  2:22  Probe  
  28  2:38  Stalker  
  28  2:39  Oracle  
  35  2:59  Pylon  
  35  3:07  Oracle  
  36  3:23  Nexus  
Show
View Real Time Build Order
Export as new Build Order

ShoWTimE Protoss - Winner!

Build Orders: Oracle Opening, Phoenix Opening 

Get SALT Encoding   

  12  0:00  Probe  
  13  0:12  Probe  
  14  0:17  Pylon  
  14  0:23  Probe  
  15  0:32  Probe  
  15  0:36  Gateway  
  15  0:40  Probe  
  16  0:45  Assimilator  
  17  0:51  Probe  
  17  0:54  Assimilator  
  18  0:59  Probe  
  19  1:07  Probe  
  19  1:09  Gateway  
  19  1:17  Probe  
  20  1:23  Cybernetics Core  
  21  1:29  Probe  
  22  1:33  Pylon  
  22  1:41  Probe  
  23  1:59  Stargate  
  25  2:02  Warp Gate  
  25  2:07  Probe  
  28  2:18  Pylon  
  28  2:19  Stalker x2  
  28  2:37  Oracle  
  28  2:44  Shield Battery  
  30  3:01  Probe  
  30  3:04  Oracle  
  31  3:08  Shield Battery  
  34  3:28  Probe  
  34  3:40  Probe  
  33  3:41  Phoenix  
  35  3:50  Stalker  
  35  3:52  Probe  
  38  4:00  Stalker  
Tags
 
Add a new tag
Caveats
  • Supply blocks, unpowered buildings, or Contaminate may cause inaccurate times.
  • Supply counts are checked every 10 seconds.